 Dungeon Crawl Stone Soup version 0.18-a0-1351-gaffb144 (console) character file.

1443 sorlin the Covert (level 9, 0/54 HPs)
             Began as a Halfling Hunter on Feb 18, 2016.
             Was a Believer of Okawaru.
             Slain by a hippogriff (6 damage)
             ... on level 6 of the Dungeon on Feb 19, 2016.
             The game lasted 00:26:14 (7317 turns).

sorlin the Covert (Halfling Hunter)                 Turns: 7317, Time: 00:26:14

Health: 0/54       AC:  4    Str: 12    XL:     9   Next: 4%
Magic:  7/9        EV: 19    Int: 10    God:    Okawaru [**....]
Gold:   273        SH:  0    Dex: 18    Spells: 0 memorised, 8 levels left

rFire  . . .     SeeInvis +     b - +1 short sword (freeze)
rCold  . . .     Gourm    .     c - +1 leather armour {MR+}
rNeg   . . .     Faith    .     (shield restricted)
rPois  .         Spirit   .     (no helmet)
rElec  .         Dismiss  .     (no cloak)
rCorr  .         Reflect  .     (no gloves)
SustAt .         Harm     .     (no boots)
MR     +....                    (no amulet)
Stlth  +++++++...               (no ring)
                                k - ring of see invisible

@: about to teleport, heroism, somewhat resistant to hostile enchantments,
extremely stealthy
A: mutation resistance 1
a: Heroism, Renounce Religion


You were on level 6 of the Dungeon.
You worshipped Okawaru.
Okawaru was pleased with you.
You were hungry.

You visited 1 branch of the dungeon, and saw 6 of its levels.
You also visited: Sewer.

You collected 273 gold pieces.

Inventory:

Hand Weapons
 a - a +1 hunting sling
 b - a +1 short sword of freezing (weapon)
 o - a +1 dagger of holy wrath
Missiles
 d - 113 sling bullets
 g - 9 poisoned needles
 j - 73 stones
Armour
 c - a +1 leather armour of magic resistance (worn)
 i - a +0 buckler
Jewellery
 k - a ring of see invisible (left hand)
Wands
 w - a wand of teleportation (2/9)
 y - a wand of random effects (21/48)
 z - a wand of paralysis (14/24)
Scrolls
 m - a scroll of teleportation
 n - 2 scrolls of fog
 r - 2 scrolls of magic mapping
 s - a scroll of enchant weapon {unknown}
 t - 2 scrolls of recharging {unknown}
 v - a scroll of random uselessness
 x - 4 scrolls of remove curse
 B - a scroll of blinking {unknown}
 D - a scroll of fear {unknown}
 G - a scroll of noise {unknown}
Potions
 e - 2 potions of haste {unknown}
 l - a potion of magic {unknown}
 p - a potion of flight
 q - a potion of cure mutation
 u - a potion of brilliance
 A - a potion of might {unknown}
 C - a potion of heal wounds {unknown}
 H - 3 potions of lignification {unknown}
Comestibles
 f - 6 bread rations (quivered)
 h - a meat ration
 E - 3 chunks of flesh


   Skills:
 - Level 1.7(6.7) Fighting
 + Level 8.9(13.9) Short Blades
 - Level 6.0(11.0) Slings
 - Level 2.1(7.1) Dodging
 * Level 9.4(14.4) Stealth


You had 8 spell levels left.
You didn't know any spells.

Dungeon Overview and Level Annotations

Branches:
Dungeon (6/15)
 Temple: D:4-7

Altars:
Dithmenos
Kikubaaqudgha
Okawaru
Qazlal
Xom
Zin
The Shining One

Shops:
D:6 }


Innate Abilities, Weirdness & Mutations

You are small and have problems with some larger weapons.
You are somewhat resistant to further mutation.


Message History

The hippogriff claws you but does no damage.
Read which item? (? for menu, Esc to quit)
As you read the scroll of teleportation, it crumbles to dust.
You feel strangely unstable. The necrophage barely misses you.
The hippogriff misses you. The hippogriff closely misses you.
The hippogriff misses you.
You fail to use your ability.
The necrophage completely misses you. The hippogriff bites you.
* * * LOW HITPOINT WARNING * * *
The hippogriff completely misses you.
The hippogriff claws you but does no damage.
You gain the combat prowess of a mighty hero.
You are feeling hungry.
The necrophage closely misses you. The hippogriff barely misses you.
The hippogriff pecks you.
* * * LOW HITPOINT WARNING * * *
The hippogriff claws you.
* * * LOW HITPOINT WARNING * * *
Drink which item? (? for menu, Esc to quit)
You feel better. The necrophage completely misses you.
The hippogriff closely misses you. The hippogriff pecks you!
* * * LOW HITPOINT WARNING * * *
The hippogriff claws you.
You die...

###########
..........#############
#.###.....#.(((H@n(((.#
.#.....((..(#########(######
#.###.<...### *........# #.#
#.....# *,#..#$#.###### #.#
###.### *,#....(......# #.#
#.# *,##.#.#.####.# #.# #.#
*,*#.....####.# #.#####.##
*,*###<....##.# #....##..###
*,* #####.##.# #..#.......#
*,* #.##)#
...#.......###**##*,* #.##..


You could see a hippogriff and a necrophage.

Vanquished Creatures
  The ghost of sorlin the Slinger, an amateur HaHu of Fedhas (D:4)
  Purgy (Sewer)
  An ogre (D:5)
  A giant frog (D:6)
  3 scorpions (D:6)
  A crimson imp (D:6)
  2 jellies (D:5)
  2 hounds
  5 orc priests
  A giant frog skeleton (D:5)
  5 orc wizards
  Ijyb (D:2)
  4 worker ants
  A hound skeleton (D:5)
  A worker ant zombie (D:6)
  8 adders
  7 gnolls
  6 worms
  4 giant geckos
  14 orcs
  2 ball pythons
  10 giant cockroaches
  12 goblins
  5 hobgoblins
  3 quokkas
  6 bats
  12 giant newts
  A jackal skeleton (D:6)
  10 kobolds
  A quokka skeleton (D:4)
  8 rats
139 creatures vanquished.

Notes
Turn   | Place    | Note
--------------------------------------------------------------
     0 | D:1      | sorlin the Halfling Hunter began the quest for the Orb.
     0 | D:1      | Reached XP level 1. HP: 14/14 MP: 1/1
    36 | D:1      | Reached skill level 1 in Short Blades
   193 | D:1      | Reached XP level 2. HP: 13/19 MP: 2/2
   743 | D:1      | Reached XP level 3. HP: 21/24 MP: 3/3
   967 | D:2      | Noticed Ijyb
  1902 | D:2      | Reached XP level 4. HP: 27/29 MP: 4/4
  2252 | D:3      | Reached skill level 6 in Slings
  2393 | D:3      | Found an iron altar of Okawaru.
  2398 | D:3      | Became a worshipper of Warmaster Okawaru
  2651 | D:3      | Found a glowing silver altar of Zin.
  3198 | D:2      | Reached XP level 5. HP: 32/34 MP: 5/5
  3241 | D:2      | Found a glowing golden altar of the Shining One.
  3420 | D:2      | Killed Ijyb
  3420 | D:2      | Reached skill level 5 in Short Blades
  3736 | D:4      | Found a stormy altar of Qazlal.
  3751 | D:4      | Reached XP level 6. HP: 39/39 MP: 6/6
  4021 | D:4      | Found a shimmering altar of Xom.
  4176 | D:4      | Noticed sorlin's ghost (amateur HaHu)
  4198 | D:4      | Killed sorlin's ghost
  4198 | D:4      | Reached * piety under Okawaru
  4198 | D:4      | Reached skill level 5 in Stealth
  4198 | D:4      | Reached XP level 7. HP: 11/44 MP: 7/7
  4222 | D:4      | Found an ancient bone altar of Kikubaaqudgha.
  4264 | D:4      | HP: 2/44 [poisoned by a worker ant]
  5216 | D:5      | Entered Level 5 of the Dungeon
  5470 | D:5      | Reached skill level 7 in Short Blades
  5542 | D:5      | Reached XP level 8. HP: 38/49 MP: 8/8
  5807 | D:5      | Found a shadowy altar of Dithmenos.
  6255 | D:6      | Found Quokogie's Gadget Shoppe.
  6315 | D:6      | Reached skill level 8 in Stealth
  6326 | D:6      | HP: 1/49 [orc priest/dagger (3)]
  6534 | D:6      | Found a glowing drain.
  6550 | Sewer    | Entered a sewer
  6627 | Sewer    | Noticed Purgy
  6644 | Sewer    | Killed Purgy
  6980 | D:6      | Reached ** piety under Okawaru
  7010 | D:6      | Reached skill level 9 in Stealth
  7229 | D:6      | Reached XP level 9. HP: 37/54 MP: 9/9
  7317 | D:6      | Slain by a hippogriff

Vault maps used:
D:1:      saegor_arrival_simple_c, minmay_misc_feat_pillars
D:2:      tso_oasis_becter, first_bread, uniq_iyjb
D:3:      lemuel_crystal_altar, marbit_many_paths, serial_forest,
          infiniplex_forest_lined_corner, infiniplex_forest_zigzag_1,
          infiniplex_forest_end_1, infiniplex_forest_straight_3,
          infiniplex_forest_straight_2, infiniplex_forest_lined_2,
          infiniplex_forest_clump_tiny, infiniplex_forest_straight_2,
          infiniplex_forest_straight_2
D:4:      xom_butterflies, overflow_temple_1_default, old_standard_altar,
          serial_bayou, serial_bayou_ford_a, serial_bayou_pond_a,
          serial_bayou_pond_b, serial_bayou_pond_b, minmay_stone_trees_large
D:5:      nicolae_dithmenos_through_a_glass_darkly
D:6:      gup_sewer_entry_bowl, serial_shops, shop, dk_noncrumbling_3
Sewer:    sewer_co_purgy_island

Action                   |  1- 3 |  4- 6 |  7- 9 || total
-------------------------+-------+-------+-------++-------
Melee: Dagger            |   109 |    20 |    26 ||   155
       Short sword       |     1 |   148 |   211 ||   360
 Fire: Hunting sling     |    64 |    69 |   108 ||   241
Invok: Heroism           |       |       |     3 ||     3
Evoke: Wand              |       |     1 |       ||     1
  Use: Potion            |     4 |     2 |     1 ||     7
       Scroll            |     3 |       |    11 ||    14
 Stab: Distracted        |     1 |       |     1 ||     2
       Sleeping          |     1 |     1 |     3 ||     5
       Invisible         |       |     1 |       ||     1
  Eat: Chunk             |     3 |     7 |    10 ||    20
